 Dungeon Crawl Stone Soup version 0.27.1 (webtiles) character file.

Game seed: 15701057899895655231

26 acemry the Cudgeller (level 2, 0/26 HPs)
             Began as a Minotaur Fighter on Sept 3, 2021.
             Slain by a gnoll (4 damage)
             ... on level 2 of the Dungeon.
             The game lasted 00:02:03 (1064 turns).

acemry the Cudgeller (Minotaur Fighter)             Turns: 1064, Time: 00:02:04

Health: 0/26       AC:  8    Str: 20    XL:     2   Next: 89%
Magic:  1/1        EV:  9    Int:  5    God:
Gold:   55         SH:  0    Dex:  9    Spells: 1/1 levels left

rFire    . . .     SeeInvis .   a - +0 flail
rCold    . . .     Faith    .   (no shield)
rNeg     . . .     Spirit   .   b - +0 scale mail
rPois    .         Reflect  .   (helmet restricted)
rElec    .         Harm     .   f - +0 cloak
rCorr    .         Rampage  .   (no gloves)
Will     .....                  (no boots)
Stlth    ..........             g - amulet of regeneration
HPRegen  1.08/turn              (no ring)
MPRegen  0.07/turn              (no ring)

@: no status effects
A: horns 2, retaliatory headbutt
a: no special abilities


You were on level 2 of the Dungeon.
You visited 1 branch of the dungeon, and saw 2 of its levels.

You collected 55 gold pieces.

Inventory:

Hand Weapons
 a - a +0 flail (weapon)
Armour
 b - a +0 scale mail (worn)
 c - a +0 kite shield
 f - a +0 cloak (worn)
Jewellery
 g - an amulet of regeneration (around neck)
Scrolls
 e - a scroll of amnesia {unknown}
Potions
 d - a potion of might


   Skills:
 - Level 3.6 Fighting
 + Level 4.2 Maces & Flails
 - Level 3.6 Armour
 - Level 3.6 Shields


You had one spell level left.
You didn't know any spells.
Your spell library was empty.

Dungeon Overview and Level Annotations

Branches:
Dungeon (2/15)

Altars:


Innate Abilities, Weirdness & Mutations

You have a pair of horns on your head.
You reflexively headbutt those who attack you in melee.


Message History

No target in view!
No target in view!
A gnoll comes into view. It is wielding a +0 spear.
The gnoll shouts!
You hear a shout!
A gnoll comes into view.
It is wielding a +3 flail of protection.
A gnoll comes into view. It is wielding a +0 flail.
You hear a shout!
The gnoll shouts!
You sock the plant!
The plant begins to die.
You headbutt the plant!
The plant is lightly damaged.
The gnoll barely misses you.
You sock the plant!
The plant is lightly damaged.
The gnoll hits you from afar with a +0 spear.
The gnoll hits you with a +3 flail of protection.
A nearby plant withers and dies.
You open the door.
A gnoll comes into view. It is wielding a +0 club.
The gnoll hits you but does no damage.
You hit the gnoll.
The gnoll is lightly wounded.
The gnoll hits you with a +3 flail of protection!
Ouch! That really hurt!
You hit the gnoll but do no damage.
The gnoll is lightly wounded.
The gnoll barely misses you. x3; You furiously retaliate!
You headbutt the gnoll, but do no damage.
You hit the gnoll but do no damage.
The gnoll is lightly wounded.
The gnoll hits you but does no damage.
The gnoll hits you with a +3 flail of protection.
The gnoll hits you with a +0 club.
There is an open door here.
You barely miss the gnoll. The gnoll completely misses you.
You furiously retaliate!
You headbutt the gnoll.
The gnoll hits you with a +3 flail of protection!
* * * LOW HITPOINT WARNING * * *
You closely miss the gnoll.
The gnoll is lightly wounded.
The gnoll closely misses you. The gnoll hits you with a +0 club.
You die...

###.>#.........g........#
#............####.......#
...PP.....#### #.......#
..P.P♣♣...# #.......#
.P.♣P♣...##
#.......######### ..P._..(.#
#.......##.......
...PP♣..g######
#.......##.######
...P♣.Pg.##...###.......##.#
...P.....#...ggg@g......##.#
#.(...........###.......##.#
.....[####....# ....... #.#
......# #....# ....... #.#
......# #.(..# ##+####
#.###### ......# #....#
#.#..... ......# #....#
######.#.#### ......# #.####
.............. ##'#### .#
#########..####


You could see 4 gnolls.

Vanquished Creatures
  2 dart slugs (D:1)
  A ball python (D:1)
  2 endoplasms (D:1)
  3 giant cockroaches (D:1)
  2 goblins (D:1)
  A hobgoblin (D:1)
  2 quokkas
  3 bats
  4 frilled lizards (D:1)
  A kobold (D:1)
  A rat (D:1)
22 creatures vanquished.

Vanquished Creatures (others)
  A plant (D:2)
1 creature vanquished.

Grand Total: 23 creatures vanquished

Notes
Turn   | Place    | Note
-------+----------+-------------------------------------------
     0 | D:1      | acemry the Minotaur Fighter began the quest for the Orb.
     0 | D:1      | Reached XP level 1. HP: 19/19 MP: 0/0
    87 | D:1      | Reached skill level 3 in Maces & Flails
   150 | D:1      | Reached XP level 2. HP: 26/26 MP: 1/1
   772 | D:1      | Reached skill level 4 in Maces & Flails
   994 | D:2      | Found a faded altar of an unknown god.
  1064 | D:2      | Slain by a gnoll

Illustrated notes

Levels and vault maps discovered:
D:1:      dpeg_arrival_snail, layout_loops_corners
D:2:      layout_basic, dreamdust_ecumenical_altar_grove, serial_shops, shop,
          uniq_crazy_yiuf_cottage

Skill      XL: |  1  2 |
---------------+-------+-----
Maces & Flails | 3 4 |  4.2
Fighting       | |  3.6
Armour         | |  3.6
Shields        | |  3.6

Action                   || total
-------------------------++-------
Melee: Flail             ||    52
       Headbutt          ||     6
Armor: Scale mail        ||    29
Dodge: Dodged            ||    34
